[Event "*** Titled Tuesday Blitz"]
[Site "Chess.com"]
[Date "2019.05.07"]
[Round "6"]
[White "MFguimaraes"]
[Black "riconaipe"]
[Result "1/2-1/2"]
[WhiteElo "2312"]
[BlackElo "2432"]
[TimeControl "180+2"]
[EndTime "14:32:02 PDT"]
[Termination "Game drawn - insufficient material"]

1. e4 g6 2. d4 Bg7 3. Nc3 c6 4. f4 d5 5. e5 Nh6 6. Nf3 O-O 7. Be3 Bg4 8. h3 Bxf3 9. Qxf3 f6 10. exf6 exf6 11. O-O-O Nd7 12. g4 b5 13. Bd3 Nb6 14. Kb1 a5 15. f5 Qe8 16. Rde1 Qf7 17. h4 b4 18. Ne2 Rfe8 19. fxg6 hxg6 20. Nf4 f5 21.
gxf5 Nxf5 22. Nxg6 Nxe3 23. Rxe3 Rxe3 24. Qxe3 Nc4 25. Qg1 Nd2+ 26. Ka1 Nf3 27. Qg4 a4 28. Rf1 Re8 29. a3 Nh2 30. Rxf7 Nxg4 31. Rf4 b3 32. cxb3 Re1+ 33. Ka2 Ne3 34. bxa4 Rd1 35. Ne7+ Kh8 36. Bg6 Nc4 37. Nf5 Rd2 38. h5 Rxb2+ 39.
Ka1 Rh2 40. Nxg7 Kxg7 41. Rf7+ Kh6 42. Rf3 Nd2 43. Rc3 Nc4 44. Bd3 Rh1+ 45. Ka2 Rh2+ 46. Kb1 Rh1+ 47. Kc2 Rh2+ 48. Kc1 Rh1+ 49. Kc2 Rh2+ 50.
Kd1 Rh1+ 51. Ke2 Rh2+ 52. Kf3 Rh3+ 53. Kg4 Re3 54. a5 Nxa5 55. Kf4 Rh3 56. Rc5 Rxd3 57. Rxa5 Rxd4+ 58. Ke5 Rc4 59. Ra8 Kxh5 60. a4 Kg4 61. a5 Kf3 62. a6 Ke3 63. a7 Ra4 64. Kd6 Kd2 65. Kxc6 d4 66. Rd8 d3 67. Kb7 Rb4+ 68.
Ka6 Ke2 69. Ka5 Rb2 70. Rd4 Ra2+ 71. Ra4 Rxa4+ 72. Kxa4 d2 73. a8=Q d1=Q+ 74. Kb5 Qb3+ 75. Ka6 Qa4+ 76. Kb7 Qd7+ 77. Kb8 Kd3 78. Qa3+ Kc4 79.
Qc1+ Kb5 80. Qf1+ Kb6 81. Qf2+ Kc6 82. Qf3+ Kc5 83. Qa3+ Kd5 84. Qd3+ Ke6 85. Qg6+ Ke7 86. Qg7+ Kd6 87. Qd4+ Kc6 88. Qa4+ Kd6 89. Qd4+ Kc6 90. Qa4+ Kd6 91. Qd4+ Kc6 92. Qa4+ Kd6 93. Qf4+ Kc6 94. Qe4+ Kb6 95. Qe3+ Kc6 96. Qc3+ Kd5 97. Qd2+ Ke6 98. Qh6+ Kf7 99. Qh5+ Ke7 100. Qg5+ Kd6 101. Qf4+ Kc6 102. Qe4+ Qd5 103. Qe8+ Kb6 104. Qg6+ Ka5 105. Kc7 Kb5 106. Qf6 Qc5+ 107. Kd7 Qa7+ 108. Ke8 Qb8+ 109. Kf7 Qc7+ 110. Kf8 Kc5 111. Qc3+ Kb6 112. Qxc7+ Kxc7 1/2-1/2

[Event "*** Titled Tuesday Blitz"]
[Site "Chess.com"]
[Date "2019.05.07"]
[Round "7"]
[White "kharov2001"]
[Black "severomorskij"]
[Result "0-1"]
[WhiteElo "2549"]
[BlackElo "2773"]
[TimeControl "180+2"]
[EndTime "14:33:56 PDT"]
[Termination "severomorskij won by resignation"]

1. e4 c5 2. Nf3 Nc6 3. Bb5 e6 4. O-O Nge7 5. Re1 Ng6 6. b3 Be7 7. Bb2 O-O 8. d4 cxd4 9. Bxc6 bxc6 10. Nxd4 Bf6 11. c4 c5 0-1

[Event "*** Titled Tuesday Blitz"]
[Site "Chess.com"]
[Date "2019.05.07"]
[Round "7"]
[White "pedromartinez91"]
[Black "PotapovaM"]
[Result "0-1"]
[WhiteElo "2503"]
[BlackElo "2466"]
[TimeControl "180+2"]
[EndTime "14:34:46 PDT"]
[Termination "PotapovaM won by resignation"]

1. e4 c5 2. Nf3 d6 3. Bb5+ Nd7 4. d4 cxd4 5. Qxd4 a6 6. Bxd7+ Bxd7 7. c4 e5 8. Qd3 b5 9. Nc3 bxc4 10. Qxc4 Be6 11. Qa4+ Bd7 12. Qc4 Be6 13. Qa4+ Bd7 14. Qc4 Be6 15. Qd3 h6 16. Kf1 Rc8 17. h3 Bc4 0-1

[Event "*** Titled Tuesday Blitz"]
[Site "Chess.com"]
[Date "2019.05.07"]
[Round "7"]
[White "BlueWizzard"]
[Black "GremioPrudente"]
[Result "1-0"]
[WhiteElo "2744"]
[BlackElo "2120"]
[TimeControl "180+2"]
[EndTime "14:35:09 PDT"]
[Termination "BlueWizzard won by resignation"]

1. e4 e6 2. d4 d5 3. e5 c5 4. c3 Qb6 5. Nf3 Bd7 6. Na3 cxd4 7. cxd4 Bxa3 8. bxa3 Ne7 9. Bd3 Nbc6 10. Rb1 Qc7 11. O-O h6 12. a4 Rc8 13. Ba3 O-O 14.
Bd6 Qd8 15. Rxb7 Nf5 16. Bxf8 Kxf8 17. Qb1 Nfxd4 18. Nxd4 Nxd4 19. Qb4+ Kg8 20. Qxd4 1-0

[Event "*** Titled Tuesday Blitz"]
[Site "Chess.com"]
[Date "2019.05.07"]
[Round "7"]
[White "Chebure"]
[Black "LarissaSteenbekkers"]
[Result "1-0"]
[WhiteElo "2603"]
[BlackElo "1967"]
[TimeControl "180+2"]
[EndTime "14:35:24 PDT"]
[Termination "Chebure won by resignation"]

1. d4 Nf6 2. Bf4 g6 3. e3 Bg7 4. Nf3 O-O 5. h3 d6 6. Be2 c5 7. O-O Be6 8. c4 cxd4 9. exd4 d5 10. c5 Nc6 11. Nc3 Bf5 12. Qa4 Ne4 13. Be3 Qd7 14. Rfd1 Nxc3 15. bxc3 Nxd4 16. Rxd4 Bxd4 17. Qxd4 Be4 18.
Bh6 e5 19. Nxe5 Qe6 20. Nd7 1-0

[Event "*** Titled Tuesday Blitz"]
[Site "Chess.com"]
[Date "2019.05.07"]
[Round "7"]
[White "RegZryt"]
[Black "Koksal06"]
[Result "1-0"]
[WhiteElo "2538"]
[BlackElo "2484"]
[TimeControl "180+2"]
[EndTime "14:35:37 PDT"]
[Termination "RegZryt won by resignation"]

1. d4 d5 2. c4 c6 3. Nf3 Nf6 4.
e3 Bf5 5. Nc3 e6 6. Nh4 Bg4 7.
f3 Bh5 8. Qb3 Qb6 9. c5 Qc7 10.
f4 Nbd7 11. Bd2 Be7 12. Nf3 O-O 13. Bd3 Bg6 14. Qc2 b6 15. cxb6 axb6 16. Bxg6 hxg6 17. O-O c5 18. Ne2 Ne4 19. Nc3 cxd4 20. Nxd4 Bf6 21. Nxe4 Qxc2 22. Nxf6+ 1-0

[Event "*** Titled Tuesday Blitz"]
[Site "Chess.com"]
[Date "2019.05.07"]
[Round "7"]
[White "northridgehawk"]
[Black "Eliwood44"]
[Result "1-0"]
[WhiteElo "2268"]
[BlackElo "2238"]
[TimeControl "180+2"]
[EndTime "14:36:12 PDT"]
[Termination "northridgehawk won by resignation"]

1. e4 e5 2. Nf3 Nc6 3. Bb5 g6 4.
d4 exd4 5. Nxd4 Bg7 6. Bxc6 bxc6 7. O-O Nf6 8. e5 Nd5 9. c4 Nb6 10. b3 O-O 11. Re1 Re8 12. Bb2 Rxe5 13. Rxe5 Bxe5 14. Nxc6 Bxb2 15. Nxd8 Bxa1 16. Qf3 f6 17. c5 Ba6 18.
cxb6 Rxd8 19. bxa7 c6 20. Nc3 Re8 21. h3 Kg7 22. Qd1 Bxc3 23. Qxd7+ Kf8 24. Qxe8+ Kxe8 25. a8=Q+ 1-0

[Event "*** Titled Tuesday Blitz"]
[Site "Chess.com"]
[Date "2019.05.07"]
[Round "7"]
[White "champ2005"]
[Black "rookoco"]
[Result "1-0"]
[WhiteElo "2897"]
[BlackElo "2774"]
[TimeControl "180+2"]
[EndTime "14:36:16 PDT"]
[Termination "champ2005 won by resignation"]

1. d4 Nf6 2. c4 e6 3. g3 Bb4+ 4. Bd2 Be7 5. Bg2 O-O 6. Nf3 c5 7. O-O Nc6 8. Bg5 cxd4 9. Nxd4 Qb6 10. Nb3 d5 11. cxd5 Nxd5 12. Bxe7 Ncxe7 13. e4 Nb4 14. Nc3 Rd8 15. Qe2 Bd7 16. Rfd1 Be8 17. Nd2 Nc2 18.
Nc4 Qa6 19. Qxc2 Qxc4 20. Rxd8 Rxd8 21. Rd1 Rxd1+ 22. Qxd1 Qc7 23. e5 Bc6 24. Qd6 1-0

[Event "*** Titled Tuesday Blitz"]
[Site "Chess.com"]
[Date "2019.05.07"]
[Round "7"]
[White "DamianoLew95"]
[Black "mouseWLZ"]
[Result "0-1"]
[WhiteElo "2459"]
[BlackElo "2607"]
[TimeControl "180+2"]
[EndTime "14:36:40 PDT"]
[Termination "mouseWLZ won by resignation"]

1. d4 Nf6 2. Bf4 c5 3. d5 d6 4.
Nc3 g6 5. e4 Bg7 6. Nf3 O-O 7.
h3 b5 8. Bxb5 Nxe4 9. Nxe4 Qa5+ 10. c3 Qxb5 11. Qe2 Qxe2+ 12. Kxe2 Ba6+ 13. Kd2 Bc4 14. Rhe1 Bxd5 15. Kc2 Nc6 16. Ned2 Rfe8 17. Bg5 a5 18.
Re2 a4 19. a3 Rab8 20. Rae1 Rb7 21. Bf4 e5 22. Be3 Reb8 23. c4 Rxb2+ 24. Kc1 Bxf3 25. gxf3 Nd4 26. Bxd4 cxd4 27. Ne4 Bh6+ 28. Kd1 d3 29. Rxb2 Rxb2 0-1

[Event "*** Titled Tuesday Blitz"]
[Site "Chess.com"]
[Date "2019.05.07"]
[Round "7"]
[White "Blitzstream"]
[Black "MasterKroket"]
[Result "1-0"]
[WhiteElo "2575"]
[BlackElo "2359"]
[TimeControl "180+2"]
[EndTime "14:36:49 PDT"]
[Termination "Blitzstream won by resignation"]

1. g4 d5 2. Bg2 c6 3. g5 e5 4. d4 e4 5. c4 Be6 6. Nc3 Bb4 7. Qb3 a5 8. a3 Bxc3+ 9. bxc3 b6 10. Bf4 Nd7 11.
h4 Ne7 12. Qc2 O-O 13. e3 f6 14. Ne2 Ng6 15. Bd6 fxg5 16. Bxf8 Ndxf8 17. hxg5 Qxg5 18. Bh3 Bxh3 19. Rxh3 Nh4 20. O-O-O Nf3 21. Rdh1 h6 22.
Rg3 Qf6 23. Nf4 Ne6 24. Rg6 Nxf4 25. Rxf6 Nd3+ 26. Qxd3 1-0

[Event "*** Titled Tuesday Blitz"]
[Site "Chess.com"]
[Date "2019.05.07"]
[Round "7"]
[White "ChessQueen"]
[Black "mitrabhaa"]
[Result "0-1"]
[WhiteElo "2643"]
[BlackElo "2673"]
[TimeControl "180+2"]
[EndTime "14:36:53 PDT"]
[Termination "mitrabhaa won by resignation"]

1. e4 c6 2. c4 d5 3. cxd5 cxd5 4. exd5 Nf6 5. Nc3 g6 6. Bc4 Bg7 7. Nf3 O-O 8. O-O Nbd7 9. d3 Nb6 10. Qb3 Bf5 11.
Be3 Rc8 12. Bxb6 axb6 13. Nd4 Bd7 14. Nc2 Ne8 15. Ne3 Nd6 16. a4 Rc5 17. Ne4 Ra5 18.
Qb4 Bd4 19. Nc2 Be5 20. f4 Bg7 21. Ra2 Qc7 22. b3 b5 23. Nxd6 exd6 24. Qd2 bxc4 0-1

[Event "*** Titled Tuesday Blitz"]
[Site "Chess.com"]
[Date "2019.05.07"]
[Round "7"]
[White "tomozupan"]
[Black "fusaran"]
[Result "0-1"]
[WhiteElo "2263"]
[BlackElo "2257"]
[TimeControl "180+2"]
[EndTime "14:37:13 PDT"]
[Termination "fusaran won by resignation"]

1. d4 d5 2. c4 c6 3. cxd5 cxd5 4. Nc3 e5 5. dxe5 d4 6. Ne4 Qa5+ 7. Nd2 Nc6 8. Nf3 Bg4 9. g3 Bxf3 10. exf3 Qxe5+ 11. Qe2 O-O-O 12. Qxe5 Nxe5 13. Be2 d3 14. Bd1 Bb4 15.
O-O Nf6 16. a3 Ba5 17. b4 Bb6 18. Bb2 Nc6 19. Bxf6 gxf6 20. Bb3 Rhe8 21. Bxf7 Re2 22. Rad1 Nd4 23. Kg2 Nc2 24. a4 Ne3+ 25. Kg1 Nxd1 26. Rxd1 Bxf2+ 27. Kf1 Bb6 28. Ne4 Rxh2 29. Be6+ Kb8 30.
Ke1 Rh1+ 31. Kd2 Be3+ 32. Kxe3 Rxd1 33. Bc4 Re1+ 34. Kd2 Re2+ 35. Kc3 Rxe4 36. fxe4 d2 0-1

[Event "*** Titled Tuesday Blitz"]
[Site "Chess.com"]
[Date "2019.05.07"]
[Round "7"]
[White "saraswathii"]
[Black "XiaoKangZhong"]
[Result "1-0"]
[WhiteElo "2277"]
[BlackElo "2236"]
[TimeControl "180+2"]
[EndTime "14:37:33 PDT"]
[Termination "saraswathii won by resignation"]

1. d4 Nf6 2. Bf4 b6 3. e3 Bb7 4.
Nf3 e6 5. Be2 d5 6. O-O Bd6 7.
Bg3 Nbd7 8. c4 Ne4 9. Nbd2 Nxg3 10. hxg3 Nf6 11. Rc1 O-O 12. cxd5 exd5 13. Ne5 Ne4 14. Nxe4 dxe4 15. Nc6 Qd7 16. Qc2 a6 17. Qxe4 Rae8 18. Qc2 Qe6 19. Bf3 Qxa2 20. d5 Be5 21. Nxe5 Rxe5 22.
Ra1 Bxd5 23. Rxa2 Bxa2 24. Qxc7 Rb5 25. Be2 Rxb2 26. Bxa6 Bd5 27. Qe5 Rd2 28. Qc3 Ra2 29. Bc4 Rc8 30. Bxa2 Rxc3 31. Bxd5 h6 32. Rb1 Rc5 33.
e4 b5 34. Ra1 b4 35. Ra7 Rb5 36. Bxf7+ Kh7 37. Bb3 Kg6 38. f4 h5 39. e5 Rb6 40.
Bc4 b3 41. Ra6 Rxa6 42. Bxa6 b2 43. Bd3+ Kf7 44. Bb1 Ke6 45. Kf2 Kd5 46. Ke3 Kc4 47. e6 1-0

[Event "*** Titled Tuesday Blitz"]
[Site "Chess.com"]
[Date "2019.05.07"]
[Round "7"]
[White "harvsp123"]
[Black "gliglu"]
[Result "0-1"]
[WhiteElo "2476"]
[BlackElo "2615"]
[TimeControl "180+2"]
[EndTime "14:37:51 PDT"]
[Termination "gliglu won by resignation"]

1. d4 Nf6 2. c4 e6 3. Nf3 b6 4. g3 Bb7 5. Bg2 Be7 6. O-O O-O 7. Nc3 Ne4 8. Qc2 f5 9. Ne5 d6 10. Nxe4 fxe4 11. Bxe4 Bxe4 12. Qxe4 dxe5 13. Qxa8 exd4 14. Qe4 Qd7 15. e3 c5 16. exd4 cxd4 17. b3 Nc6 18.
Bb2 Bc5 19. a3 a5 20. Rad1 e5 21. Rfe1 Kh8 22. Re2 h6 23. Kg2 Rf6 24. h4 Qf7 25. Qxc6 Rxc6 26. Rxe5 Re6 27. Rde1 Rxe5 28. Rxe5 d3 29.
f4 d2 30. Rd5 Qxd5+ 31. cxd5 d1=Q 0-1

[Event "*** Titled Tuesday Blitz"]
[Site "Chess.com"]
[Date "2019.05.07"]
[Round "7"]
[White "TastyFrenchFries"]
[Black "ChessWeebs"]
[Result "0-1"]
[WhiteElo "2458"]
[BlackElo "2752"]
[TimeControl "180+2"]
[EndTime "14:37:52 PDT"]
[Termination "ChessWeebs won on time"]

1. e3 Nf6 2. Nf3 g6 3. d4 Bg7 4. Be2 O-O 5. O-O d6 6. c4 c6 7. Nc3 Bf5 8. h3 Ne4 9. Nxe4 Bxe4 10. Bd3 Bxd3 11. Qxd3 Nd7 12. Bd2 Qc7 13. a4 Rfe8 14. Bc3 e5 15. Qc2 e4 16. Nd2 f5 17. a5 Nf6 18. Rfd1 d5 19. cxd5 Nxd5 20. Qb3 f4 21. exf4 Qxf4 22. Qxb7 e3 23. fxe3 Nxe3 24. Re1 Rf8 25. Nf3 Nxg2 26. Re2 Ne3 27. Rg2 Nxg2 0-1

[Event "*** Titled Tuesday Blitz"]
[Site "Chess.com"]
[Date "2019.05.07"]
[Round "7"]
[White "FearNoEvil12"]
[Black "MateusViageiro"]
[Result "0-1"]
[WhiteElo "2005"]
[BlackElo "2157"]
[TimeControl "180+2"]
[EndTime "14:37:54 PDT"]
[Termination "MateusViageiro won by resignation"]

1. e4 c5 2. Nc3 e6 3. f4 a6 4. Nf3 b5 5. d3 Bb7 6. g3 Nf6 7. Bg2 d5 8. e5 Nfd7 9. O-O Be7 10. Ne2 O-O 11. c3 Re8 12. d4 Nc6 13. Be3 Rc8 14.
h3 Na5 15. Kh2 Nc4 16. Bc1 cxd4 17. Nexd4 g6 18. Qe2 Nc5 19. b3 Nb6 20. Nd2 Ne4 21. Nxe4 dxe4 22. Bb2 Nd5 23. Rac1 b4 24. c4 Nc3 25.
Bxc3 bxc3 26. Rfd1 Qa5 27. a4 Red8 28. Bxe4 Bxe4 29.
Qxe4 Ba3 30. Nc6 Rxc6 31. Qxc6 Bxc1 32. Rxc1 Rd2+ 33. Kh1 c2 34. Qf3 Qd8 35. Qe3 Rd1+ 36.
Kg2 Rxc1 37. Qxc1 Qd1 0-1

[Event "*** Titled Tuesday Blitz"]
[Site "Chess.com"]
[Date "2019.05.07"]
[Round "7"]
[White "biostatistician"]
[Black "FedaMaster"]
[Result "0-1"]
[WhiteElo "2511"]
[BlackElo "2322"]
[TimeControl "180+2"]
[EndTime "14:38:01 PDT"]
[Termination "FedaMaster won by checkmate"]

1. d4 Nf6 2. Nf3 g6 3. c4 Bg7 4. Nc3 d5 5. cxd5 Nxd5 6. e4 Nxc3 7. bxc3 c5 8. Be3 O-O 9. Be2 cxd4 10. cxd4 Qa5+ 11.
Qd2 Qxd2+ 12. Nxd2 Rd8 13. Nb3 Nc6 14. O-O-O e6 15.
Rd2 Bd7 16. Rhd1 Rac8 17. Kb1 Ne7 18. Bg5 f6 19. Bf4 f5 20. f3 fxe4 21. fxe4 Bc6 22. Bf3 b6 23. d5 exd5 24. exd5 Ba8 25. Nd4 Nxd5 26. Bxd5+ Rxd5 27. Be3 Re5 28. Bf2 Be4+ 29. Kb2 Rb5+ 30. Ka3 Bf8+ 31. Ka4 Rb4+ 32. Ka3 Rc3+ 33.
Nb3 Rbxb3+ 34. Ka4 Bc6# 0-1

[Event "*** Titled Tuesday Blitz"]
[Site "Chess.com"]
[Date "2019.05.07"]
[Round "7"]
[White "NM2019"]
[Black "dopolian"]
[Result "0-1"]
[WhiteElo "2140"]
[BlackElo "2256"]
[TimeControl "180+2"]
[EndTime "14:38:39 PDT"]
[Termination "dopolian won by resignation"]

1. c4 Nf6 2. Nf3 e6 3. g3 d5 4.
d4 c6 5. Bg2 Be7 6. O-O Nbd7 7.
Ne5 O-O 8. Nc3 Nxe5 9. dxe5 Nd7 10. cxd5 cxd5 11. f4 f5 12. Be3 b6 13. Rc1 Ba6 14.
a3 Nc5 15. b3 Bb7 16. b4 Ne4 17.
Bxe4 dxe4 18. Qxd8 Rfxd8 19. Rfd1 Rxd1+ 20. Rxd1 Rd8 21. Rxd8+ Bxd8 22. Nb5 a6 23. Nd6 Bc6 24. Nc8 b5 25.
Nd6 Kf8 26. Bc5 Be7 27. e3 h6 28. h4 Bd5 29. Kf2 Bxd6 30. Bxd6+ Kf7 31. h5 Bb3 32. Ke2 Bc4+ 33. Kf2 Bd3 34. Bc5 Bc2 35. Ke2 Kg8 36. Kd2 Bd3 37. Ke1 Kh7 38. Kd2 Bf1 39.
Ke1 Bh3 40. Kd2 Bg4 41. Kc3 Bxh5 42. Kd4 Kg6 43. Be7 Bd1 44. Kc5 Kh5 45. Kc6 Kg4 46.
Bf8 Kxg3 47. Bxg7 h5 48. Kd6 Bb3 0-1

[Event "*** Titled Tuesday Blitz"]
[Site "Chess.com"]
[Date "2019.05.07"]
[Round "7"]
[White "Alexander_Moskalenko"]
[Black "PE-TRO"]
[Result "1-0"]
[WhiteElo "2872"]
[BlackElo "2792"]
[TimeControl "180+2"]
[EndTime "14:38:50 PDT"]
[Termination "Alexander_Moskalenko won by checkmate"]

1. Nf3 Nf6 2. c4 g6 3. Nc3 Bg7 4. e4 c5 5. d4 cxd4 6. Nxd4 Nc6 7. Be2 Nxd4 8. Qxd4 O-O 9. O-O d6 10. Qe3 Be6 11. Bd2 a6 12. b3 Rc8 13. a4 Nd7 14. Rac1 Nc5 15. Nd5 Bd7 16. a5 Ne6 17. Bc3 Bxc3 18.
Rxc3 Bc6 19. Nb6 Rc7 20. Rd1 Qe8 21. b4 f6 22. Bg4 Qf7 23. Bxe6 Qxe6 24. f3 f5 25.
exf5 Qxe3+ 26. Rxe3 Rxf5 27. Rd4 Kf7 28. Kf2 Rf6 29. g4 e5 30. Rd2 e4 31. b5 axb5 32.
cxb5 Bxb5 33. Nd5 Rc6 34. Nxf6 Kxf6 35. Rxe4 Ra6 36. Kg3 Bd7 37. Rb4 Bc6 38. Rxd6+ Ke5 39. Rbd4 Rxa5 40. f4# 1-0

[Event "*** Titled Tuesday Blitz"]
[Site "Chess.com"]
[Date "2019.05.07"]
[Round "7"]
[White "albi1999"]
[Black "jefferyx"]
[Result "0-1"]
[WhiteElo "2548"]
[BlackElo "2914"]
[TimeControl "180+2"]
[EndTime "14:38:51 PDT"]
[Termination "jefferyx won by resignation"]

1. d4 g6 2. Nf3 Bg7 3. g3 c5 4. dxc5 Na6 5. Bg2 Nxc5 6. c4 d6 7. O-O Be6 8. Nbd2 Nf6 9. b4 Na6 10. a3 O-O 11. Bb2 Nc7 12. Ng5 Bc8 13. Nb3 Ne6 14.
Nxe6 Bxe6 15. Bxb7 Rb8 16. Bg2 Bxc4 17. Na5 Bb5 18. Rc1 Qd7 19. Qd2 Rfc8 20. Rxc8+ Rxc8 21. Rc1 Rxc1+ 22. Qxc1 Bxe2 23. Qc6 Qf5 24. Qa8+ Bf8 25. Qc6 Bh6 26. Qa8+ Bf8 27. Qc6 Bh6 28. Qa8+ Kg7 29. Bxf6+ Qxf6 30. h3 Qa1+ 31. Kh2 Qd4 32. Qe4 Qxf2 33.
Qxe7 Bf3 0-1

[Event "*** Titled Tuesday Blitz"]
[Site "Chess.com"]
[Date "2019.05.07"]
[Round "7"]
[White "Szparu"]
[Black "Alopekos"]
[Result "0-1"]
[WhiteElo "2519"]
[BlackElo "2588"]
[TimeControl "180+2"]
[EndTime "14:38:51 PDT"]
[Termination "Alopekos won by resignation"]

1. e4 e5 2. Nf3 Nc6 3. Bb5 a6 4. Ba4 Nf6 5. O-O b5 6. Bb3 Bc5 7. c3 d6 8. d4 Bb6 9. a4 Bb7 10. Re1 O-O 11. Be3 Na5 12. d5 Bxe3 13. Rxe3 c6 14.
dxc6 Bxc6 15. axb5 axb5 16. Nbd2 Nxb3 17. Rxa8 Qxa8 18.
Qxb3 Nxe4 19. Nxe4 Bxe4 20. h3 Qc6 21. Qb4 Bd5 22. b3 Rc8 23. Qg4 Bxb3 24. Ng5 h6 25. Ne4 Be6 26. Qh4 d5 27. Nf6+ gxf6 28. Qxf6 Kh7 29.
Rxe5 Qxc3 30. f4 Rg8 31. Rxe6 Qc1+ 32. Kh2 fxe6 33. Qf7+ Rg7 34. Qf6 0-1

[Event "*** Titled Tuesday Blitz"]
[Site "Chess.com"]
[Date "2019.05.07"]
[Round "7"]
[White "kikoveiga"]
[Black "Roenko_Artur"]
[Result "1-0"]
[WhiteElo "2271"]
[BlackElo "2202"]
[TimeControl "180+2"]
[EndTime "14:38:57 PDT"]
[Termination "kikoveiga won by resignation"]

1. e4 e6 2. d4 d5 3. Nc3 Bb4 4.
e5 c5 5. a3 Bxc3+ 6. bxc3 Ne7 7. Qg4 cxd4 8. Qxg7 Rg8 9. Qxh7 Qc7 10. Ne2 Nbc6 11. f4 dxc3 12. Qd3 d4 13. Nxd4 Nxd4 14. Qxd4 Bd7 15. Rg1 Nf5 16. Qf2 Qc6 17. Bd3 O-O-O 18.
g4 Ne7 19. Qxa7 Nd5 20. Rb1 Kc7 21. Bb5 Qxb5 22. Rxb5 Bxb5 23. Qc5+ Bc6 24. h4 b6 25. Qc4 Ra8 26. Kf2 Ra4 27. Qd3 Rd8 28. Rd1 Rg8 29.
Qh7 Rxg4 30. Qxf7+ Bd7 31. Rxd5 exd5 32. e6 1-0

[Event "*** Titled Tuesday Blitz"]
[Site "Chess.com"]
[Date "2019.05.07"]
[Round "7"]
[White "aa175"]
[Black "gemarin"]
[Result "0-1"]
[WhiteElo "1964"]
[BlackElo "2088"]
[TimeControl "180+2"]
[EndTime "14:39:00 PDT"]
[Termination "gemarin won on time"]

1. e4 c5 2. Nf3 Nc6 3. d4 cxd4 4. Nxd4 Nf6 5. Nxc6 bxc6 6. Nc3 e5 7. Bg5 Bb4 8.
a3 Bxc3+ 9. bxc3 Qa5 10. Bd3 Qxc3+ 11. Ke2 d6 12. Bd2 Qc5 13. Bb4 Qd4 14. c3 Qb6 15.
Bxd6 Ng4 16. Qe1 c5 17. Rd1 Be6 18. f3 Rd8 19. Bxc5 Qxc5 20. fxg4 Bxg4+ 21. Kf1 Bxd1 22. Qxd1 Qxc3 23. Bb5+ Ke7 24. Qa4 Qc1+ 25. Kf2 Qf4+ 26. Ke1 Qe3+ 27. Be2 Qc1+ 28. Kf2 Qxh1 29. Qb4+ Kf6 30.
Qc3 Qxh2 31. Qc6+ Kg5 32. Qc7 Qf4+ 33. Bf3 Rd2+ 34. Kf1 Rhd8 0-1

[Event "*** Titled Tuesday Blitz"]
[Site "Chess.com"]
[Date "2019.05.07"]
[Round "7"]
[White "FearlessKing64"]
[Black "ZuchBolt"]
[Result "1-0"]
[WhiteElo "2240"]
[BlackElo "2282"]
[TimeControl "180+2"]
[EndTime "14:39:08 PDT"]
[Termination "FearlessKing64 won by resignation"]

1. e4 e5 2. Nf3 Nc6 3. Bc4 Bc5 4. b4 Bxb4 5. c3 Ba5 6. d4 d6 7. Qb3 Qd7 8. O-O Bb6 9. Nbd2 Na5 10. Qc2 Nxc4 11.
Nxc4 f6 12. a4 Qf7 13. Ncxe5 dxe5 14. a5 Bxd4 15. cxd4 exd4 16. Nxd4 c6 17. Ba3 Ne7 18. a6 O-O 19. Nf5 Nxf5 20. Bxf8 Nd4 21. Qd3 Qxf8 22.
Qxd4 b6 23. Rfd1 Bg4 24. f3 Bh5 25. Qc4+ Bf7 26. Qxc6 Rc8 27. Qb7 Qc5+ 28. Kh1 h5 29.
Qxa7 Bb3 30. Re1 h4 31. h3 Be6 32. Qb7 Rc7 33. Qxc7 Qxc7 34. a7 Qc2 35. a8=Q+ 1-0

[Event "*** Titled Tuesday Blitz"]
[Site "Chess.com"]
[Date "2019.05.07"]
[Round "7"]
[White "OneTrickPony_82"]
[Black "Slovak_fighter2000"]
[Result "0-1"]
[WhiteElo "2325"]
[BlackElo "2437"]
[TimeControl "180+2"]
[EndTime "14:39:13 PDT"]
[Termination "Slovak_fighter2000 won by resignation"]

1. d4 g6 2. e4 Bg7 3. Nf3 d6 4. Be3 Nf6 5. Nc3 O-O 6. Qd2 Nc6 7. d5 Ne5 8. Nxe5 dxe5 9. f3 e6 10. O-O-O exd5 11. Nxd5 Nxd5 12. Qxd5 Qxd5 13. Rxd5 Be6 14. Rd1 c6 15. b3 a5 16. a4 Rfc8 17. Bb6 Bf6 18. Kb2 Bd8 19. Be3 Bc7 20. Be2 f6 21.
g4 Rd8 22. h4 Kg7 23. h5 Rxd1 24. h6+ Kf7 25. Rxd1 Rd8 26. Rxd8 Bxd8 27. c3 g5 28. Bc5 Kg6 29. Bf8 Kf7 30. Bg7 Be7 31. Bd3 Bf8 32. Bxf8 Kxf8 33. b4 b6 34. Ka3 Kf7 35.
Ba6 Kg6 36. Bb7 c5 37. bxa5 bxa5 38. Bd5 Bd7 39. Kb3 Kxh6 40. Kc4 Bxa4 41. Kxc5 Bd1 42. Kd6 Bxf3 43. c4 Bxg4 44. c5 a4 45. Be6 Bxe6 46.
Kxe6 a3 47. c6 a2 48. c7 a1=Q 49. c8=Q Qa7 50. Kxf6 Qg7+ 51. Kf5 Qg6+ 52. Kxe5 g4 53. Kf4 Kh5 54. Qf5+ Kh4 55. Qxg6 hxg6 56. e5 g3 57. Kf3 Kh3 58. e6 g2 59. e7 g1=Q 0-1

[Event "*** Titled Tuesday Blitz"]
[Site "Chess.com"]
[Date "2019.05.07"]
[Round "7"]
[White "MathiasWomacka"]
[Black "bluejay1897"]
[Result "0-1"]
[WhiteElo "2224"]
[BlackElo "2274"]
[TimeControl "180+2"]
[EndTime "14:39:14 PDT"]
[Termination "bluejay1897 won by resignation"]

1. e4 c5 2. Nf3 e6 3. d4 cxd4 4. Nxd4 Nc6 5. Nc3 a6 6. Be3 Nf6 7. Bd3 Qc7 8. O-O b5 9. Nxc6 dxc6 10. f4 Bb7 11. e5 Nd5 12. Nxd5 cxd5 13. Bd4 Bc5 14.
c3 Qb6 15. Bc2 Rc8 16. f5 g6 17. fxe6 Qxe6 18. Rf6 Qe7 19. Kh1 O-O 20. Qd2 Rc6 21.
Raf1 Re6 22. h3 Bc6 23. Qf4 Bxd4 24. cxd4 a5 25. Bd3 Kg7 26. h4 Be8 27. h5 a4 28.
a3 Kg8 29. hxg6 hxg6 30. Bxg6 Kg7 31. Qg5 fxg6 32. Qxg6+ Bxg6 33. Rxf8 Qxf8 34. Rxf8 Kxf8 0-1

[Event "*** Titled Tuesday Blitz"]
[Site "Chess.com"]
[Date "2019.05.07"]
[Round "7"]
[White "valeriocarnicelli"]
[Black "StephenDedalus83"]
[Result "0-1"]
[WhiteElo "2527"]
[BlackElo "2806"]
[TimeControl "180+2"]
[EndTime "14:39:17 PDT"]
[Termination "StephenDedalus83 won by resignation"]

1. e4 c5 2. Nf3 Nc6 3. d4 cxd4 4.
Nxd4 Qc7 5. Nc3 e6 6. Nxc6 bxc6 7. g3 Nf6 8. Bg2 d5 9. O-O Be7 10. Re1 O-O 11. b3 Bb4 12. Bb2 Qa5 13. Re3 Rd8 14. a3 Be7 15. e5 Nd7 16. Ne2 Rb8 17. Nf4 c5 18. Qh5 Bb7 19. Ree1 Bf8 20. Bh3 Qb6 21.
Rad1 a5 22. Bg2 a4 23. Nh3 h6 24. Bc1 axb3 25. cxb3 Qxb3 26. Bf4 Qxa3 27. Ra1 Qb4 28. Reb1 Qc3 29. Rc1 Qd3 30. Bf1 Qf5 31. Qd1 Nxe5 32.
Rcb1 d4 33. Bxe5 Qxe5 34. Nf4 Bc6 0-1

[Event "*** Titled Tuesday Blitz"]
[Site "Chess.com"]
[Date "2019.05.07"]
[Round "7"]
[White "pedro_gines"]
[Black "Witik"]
[Result "0-1"]
[WhiteElo "2358"]
[BlackElo "2582"]
[TimeControl "180+2"]
[EndTime "14:39:21 PDT"]
[Termination "Witik won by resignation"]

1. d4 d5 2. c4 e6 3. Nf3 c6 4. e3 Bd6 5. Bd3 f5 6. O-O Nf6 7. b3 Qe7 8. Bb2 O-O 9. Qc1 b6 10. Ba3 c5 11. cxd5 exd5 12. dxc5 bxc5 13. Nc3 a6 14.
Na4 Nbd7 15. Bxf5 Ne4 16. Bxd7 Bxd7 17. Nb6 Rxf3 18. Nxa8 Bxh2+ 19. Kxh2 Qh4+ 20. Kg1 Nxf2 21. Rxf2 Qxf2+ 22. Kh1 Rh3+ 23. gxh3 Bf5 24. Qb1 Bxb1 25. Rxb1 Qxa2 26. Rd1 Qxb3 27. Ra1 Qc3 28. Ra2 Qb3 29. Ra1 Qxe3 30. Nb6 Qxh3+ 31. Kg1 Qg3+ 32. Kh1 Qh4+ 33. Kg2 Qg5+ 34. Kh1 Qh6+ 35. Kg2 Qxb6 36. Re1 h6 37. Re7 Qg6+ 38. Kh1 Qh5+ 39. Kg2 Qg5+ 40. Kh1 Qxe7 41. Bc1 Qe1+ 42. Kh2 Qxc1 0-1